 Dungeon Crawl Stone Soup version 0.23.2-30-g0e89c35649 (webtiles) character file.

Game seed: 18150780892614128717

9650 voodoo the Grappler (level 11, -3/97 HPs)
             Began as a Troll Wizard on June 11, 2019.
             Was a High Priest of Elyvilon.
             Slain by a two-headed ogre
             ... wielding a +0 giant club
              (7 damage)
             ... on level 12 of the Dungeon.
             The game lasted 00:18:47 (10004 turns).

voodoo the Grappler (Troll Wizard)                 Turns: 10004, Time: 00:18:48

Health: -3/97      AC:  8    Str: 17    XL:     11   Next: 25%
Magic:  16/16      EV: 14    Int: 17    God:    Elyvilon [*****.]
Gold:   891        SH:  0    Dex:  8    Spells: 13/19 levels left

rFire    . . .     SeeInvis .     - Unarmed
rCold    . . .     Gourm    +   (no shield)
rNeg     . . .     Faith    .   J - +0 troll leather armour
rPois    .         Spirit   .   t - +0 hat
rElec    .         Reflect  .   (no cloak)
rCorr    .         Harm     .   (gloves unavailable)
MR       +....                  (boots unavailable)
Stlth    +.........             p - amulet of the acrobat
HPRegen  1.06/turn              G - ring of protection from magic
MPRegen  0.15/turn              x - +5 ring of evasion

@: lethally poisoned (-3 -> -3), slowed, very slow
A: large, unfitting armour, claws 3, fast metabolism 3, gourmand, regeneration
1, shaggy fur 1, tough skin 3
a: Lesser Healing, Heal Other, Purification, Greater Healing, Divine Vigour,
Divine Protection, Renounce Religion


You were on level 12 of the Dungeon.
You worshipped Elyvilon.
Elyvilon was extremely pleased with you.
You were not hungry.

You visited 2 branches of the dungeon, and saw 13 of its levels.

You collected 891 gold pieces.

Inventory:

Hand Weapons
 b - a +2 dagger of venom
 I - a +3 war axe
Missiles
 s - 5 large rocks (quivered)
Armour
 a - a +0 robe
 t - a +0 hat (worn)
 J - a +0 troll leather armour (worn)
Jewellery
 p - an amulet of the acrobat (around neck)
 r - an uncursed ring of protection from cold
 x - a +5 ring of evasion (right claw)
 G - a ring of protection from magic (left claw)
 H - an uncursed amulet of rage
Wands
 w - a wand of iceblast (12)
 y - a wand of scattershot (6)
 z - a wand of disintegration (19)
 F - a wand of enslavement (9)
Scrolls
 c - 9 scrolls of identify
 e - 3 scrolls of immolation {unknown}
 g - 3 scrolls of enchant armour {unknown}
 h - 4 scrolls of fog {unknown}
 i - a scroll of amnesia {unknown}
 j - 7 scrolls of teleportation {unknown}
 m - a scroll of enchant weapon {unknown}
 q - 3 scrolls of blinking {unknown}
 u - 3 scrolls of remove curse {unknown}
 A - a scroll of fear {unknown}
 C - a scroll of acquirement {unknown}
 D - 2 scrolls of magic mapping {unknown}
 K - a scroll of noise {unknown}
Potions
 f - 2 potions of heal wounds {unknown}
 k - 3 potions of might {unknown}
 l - a potion of lignification {unknown}
 n - 2 potions of agility {unknown}
 o - 4 potions of haste {unknown}
 v - 4 potions of cancellation {unknown}
 B - a potion of resistance {unknown}
 E - 2 potions of curing {unknown}
Comestibles
 d - 21 rations


   Skills:
 + Level 3.2 Fighting
 + Level 0.1 Throwing
 * Level 3.7 Armour
 - Level 1.5 Dodging
 - Level 1.0 Stealth
 + Level 11.9 Unarmed Combat
 * Level 4.5 Spellcasting
 * Level 3.8 Conjurations
   Level 0.6 Summonings
 - Level 3.2 Translocations
 * Level 3.7 Fire Magic
 * Level 1.5 Invocations
 * Level 2.0 Evocations


You had 13 spell levels left.
You knew the following spells:

 Your Spells              Type           Power        Failure   Level  Hunger
a - Magic Dart            Conj           ###.         3%          1    None
b - Blink                 Tloc           N/A          7%          2    ##.....
c - Conjure Flame         Conj/Fire      ###.....     11%         3    ###....

Your spell library contained the following spells:

 Spells                   Type           Power        Failure   Level  Hunger
 Searing Ray              Conj           ###...       5%          2    ##.....
 Corona                   Hex            #......      19%         1    None
 Pain                     Necr           #...         19%         1    None
 Call Imp                 Summ           #.......     22%         2    ##.....
 Dazzling Spray           Conj/Hex       ##....       24%         3    ###....
 Ensorcelled Hibernation  Hex/Ice        #.....       26%         2    ##.....
 Slow                     Hex            #.......     26%         2    ##.....
 Mephitic Cloud           Conj/Pois/Air  #.......     32%         3    ###....
 Iskenderun's Mystic Bla  Conj           ###.....     36%         4    ####...
 Force Lance              Conj/Tloc      ###.....     38%         4    ####...
 Confuse                  Hex            #.......     47%         3    ###....
 Tukima's Dance           Hex            #.......     47%         3    ###....
 Fulminant Prism          Conj/Hex       ##........   63%         4    ####...
 Cause Fear               Hex            #.........   87%         4    ####...
 Silence                  Hex/Air        #.........   99%         5    ######.
 Yara's Violent Unravell  Hex/Tmut       #.........   99%         5    ######.
 Deflect Missiles         Chrm/Air       #.........   100%        6    #######
 Discord                  Hex            #.........   100%        8    #######


Dungeon Overview and Level Annotations

Branches:
Dungeon (12/15)            Temple (1/1) D:6            Lair (0/6) D:10
    Orc (0/2) D:10

Altars:
Ashenzari
Dithmenos
Elyvilon
Fedhas
Gozag
Hepliaklqana
Kikubaaqudgha
Nemelex Xobeh
Okawaru
Qazlal
Ru
Sif Muna
Trog
Vehumet
Wu Jian
Xom
Zin
The Shining One

Shops:
D:6 *   D:8 %

Annotations:
D:4 3 runed translucent doors, Sassenached's ghost, amateur GnWn
D:9 exclusion: downstairs


Innate Abilities, Weirdness & Mutations

You are too large for most types of armour.
You have claws for hands.
Your metabolism is lightning-fast.
You like to eat raw meat.
Your natural rate of healing is unusually fast.
You are covered in fur. (AC +1)
You have extremely tough skin. (AC +3)


Message History

The hornet stings you but does no damage.
You scratch the hornet.
You kill the hornet!
You feel sick.
The two-headed ogre hits you with a +0 giant club!!
The two-headed ogre barely misses you.
Okay, then.
You mangle the two-headed ogre!!
The two-headed ogre is moderately wounded.
You feel sick. The two-headed ogre closely misses you.
The two-headed ogre hits you with a +0 giant club.
The iguana bites you!
* * * LOW HITPOINT WARNING * * *
You scratch the two-headed ogre but do no damage.
The two-headed ogre is moderately wounded.
You feel sick. The iguana barely misses you.
The two-headed ogre hits you with a +0 giant club!!
* * * LOW HITPOINT WARNING * * *
The two-headed ogre hits you with a +0 giant club!
You die...

#..# +..# #..# #.(#
#..# #<.# #..# #.(#
#..#.... ##..#
#..#.....#...#
#####..##....#...#
........#....#.Ol#
###.....#....#..@##
#.....###.......#
#.......#...#.#.##
#.......#........##
#.......###.#.#...#
#.................#
#.................#
..###..............#
.. ##..########.###


You could see a two-headed ogre and an iguana.

Vanquished Creatures
  A two-headed ogre (D:9)
  An ugly thing (D:11)
  A manticore (D:11)
  A kobold demonologist (D:11)
  A komodo dragon (D:10)
  A hornet (D:12)
  3 trolls
  4 slime creatures (D:11)
  A hippogriff (D:9)
  A hungry ghost (D:10)
  2 wyverns
  8 orc warriors
  5 ice beasts
  2 phantoms
  3 sky beasts
  A black bear (D:9)
  5 centaurs
  A necrophage (D:7)
  8 ogres
  A bullfrog (D:11)
  Blork the orc (D:5)
  A gnoll sergeant (D:10)
  4 scorpions
  A water moccasin skeleton (D:11)
  6 killer bees
  3 wights (D:5)
  4 crimson imps
  A centaur zombie (D:9)
  A bullfrog zombie (D:5)
  5 hounds
  A quasit (D:11)
  2 bullfrog skeletons
  An orc priest (D:9)
  4 jellies
  2 centaur skeletons
  10 orc wizards
  2 iguanas
  7 worker ants
  A hound skeleton (D:8)
  Robin (D:3)
  A howler monkey skeleton (D:5)
  16 adders
  6 gnolls
  A shadow imp (D:9)
  8 oozes
  An adder skeleton (D:7)
  3 dart slugs (D:1)
  5 leopard geckos
  33 orcs
  10 bats
  6 giant cockroaches
  11 goblins
  7 hobgoblins
  7 kobolds
  4 quokkas
  2 ball pythons (D:1)
  5 frilled lizards
  A jackal skeleton (D:7)
  A quokka zombie (D:6)
  11 rats
  2 plants (D:10)
250 creatures vanquished.

Vanquished Creatures (others)
  A plant (D:10)
1 creature vanquished.

Grand Total: 251 creatures vanquished

Notes
Turn   | Place    | Note
-------+----------+-------------------------------------------
     0 | D:1      | voodoo the Troll Wizard began the quest for the Orb.
     0 | D:1      | Reached XP level 1. HP: 16/16 MP: 2/2
    23 | D:1      | Reached skill level 1 in Unarmed Combat
    85 | D:1      | Reached XP level 2. HP: 15/24 MP: 4/4
   179 | D:1      | Reached skill level 2 in Unarmed Combat
   319 | D:1      | Learned a level 2 spell: Blink
   334 | D:1      | Reached XP level 3. HP: 31/31 MP: 5/5
   510 | D:2      | You fall through a shaft!
   535 | D:3      | Reached skill level 3 in Unarmed Combat
   535 | D:3      | Reached skill level 1 in Translocations
   535 | D:3      | Reached XP level 4. HP: 33/39 MP: 6/6
   580 | D:2      | Found a deep blue altar of Sif Muna.
   580 | D:2      | Found an ancient bone altar of Kikubaaqudgha.
   581 | D:2      | Found a radiant altar of Vehumet.
   583 | D:2      | Identified Kikubaaqudgha's Tome of Necromancy
   631 | D:2      | Found a sacrificial altar of Ru.
   828 | D:2      | Found a faded altar of an unknown god.
  1334 | D:3      | Reached XP level 5. HP: 45/45 MP: 7/7
  1412 | D:3      | Reached skill level 4 in Unarmed Combat
  1424 | D:3      | Noticed Robin
  1449 | D:3      | Killed Robin
  1648 | D:4      | Reached XP level 6. HP: 31/53 MP: 8/8
  1652 | D:4      | Reached skill level 5 in Unarmed Combat
  1851 | D:4      | Found a runed translucent gate.
  1852 | D:4      | Found a runed translucent gate.
  1853 | D:4      | Found an opulent altar of Gozag.
  1853 | D:4      | Found a runed translucent gate.
  1860 | D:4      | Noticed Sassenached's ghost (amateur GnWn)
  1954 | D:4      | Found an iron altar of Okawaru.
  2370 | D:5      | Entered Level 5 of the Dungeon
  2468 | D:5      | Reached skill level 6 in Unarmed Combat
  2468 | D:5      | Reached XP level 7. HP: 56/61 MP: 9/9
  2516 | D:5      | Reached skill level 1 in Fighting
  2624 | D:5      | Noticed Blork the orc
  2629 | D:5      | Killed Blork the orc
  2629 | D:5      | Reached skill level 7 in Unarmed Combat
  2667 | D:5      | Found a glowing golden altar of the Shining One.
  2909 | D:5      | Reached XP level 8. HP: 57/70 MP: 11/11
  3111 | D:6      | Found a staircase to the Ecumenical Temple.
  3125 | D:6      | Learned a level 3 spell: Conjure Flame
  3247 | Temple   | Entered the Ecumenical Temple
  3311 | Temple   | Became a worshipper of Elyvilon the Healer
  3366 | D:6      | Reached skill level 8 in Unarmed Combat
  3434 | D:6      | Found a shimmering altar of Xom.
  3437 | D:6      | Found an opulent altar of Gozag.
  3438 | D:6      | Found an iron altar of Okawaru.
  3443 | D:6      | Reached skill level 1 in Conjurations
  3524 | D:6      | Found Yfakhuve's Serpentskin Sales.
  3968 | D:7      | Reached * piety under Elyvilon
  3988 | D:7      | Reached skill level 1 in Fire Magic
  4439 | D:7      | Reached skill level 9 in Unarmed Combat
  4439 | D:7      | Reached XP level 9. HP: 79/79 MP: 13/13
  4445 | D:7      | Found a blossoming altar of Fedhas.
  4521 | D:7      | Reached ** piety under Elyvilon
  5272 | D:8      | Found a bloodstained altar of Trog.
  5393 | D:8      | Found Keprys Satam's Food Shop.
  6009 | D:9      | Noticed a troll
  6031 | D:9      | Reached skill level 10 in Unarmed Combat
  6042 | D:9      | HP: 2/80 [troll (13)]
  6043 | D:9      | Killed a troll
  6218 | D:9      | Reached *** piety under Elyvilon
  6281 | D:9      | Found a shadowy altar of Dithmenos.
  6365 | D:9      | Found a stormy altar of Qazlal.
  6365 | D:9      | Found a sparkling altar of Nemelex Xobeh.
  6525 | D:9      | Noticed a two-headed ogre
  6531 | D:9      | Killed a two-headed ogre
  6531 | D:9      | Reached skill level 1 in Armour
  6531 | D:9      | Reached XP level 10. HP: 83/88 MP: 13/15
  6571 | D:9      | Found a shattered altar of Ashenzari.
  6827 | D:10     | Entered Level 10 of the Dungeon
  6957 | D:10     | Reached skill level 11 in Unarmed Combat
  7280 | D:10     | Reached **** piety under Elyvilon
  7376 | D:10     | Reached skill level 1 in Evocations
  7624 | D:10     | Found a staircase to the Lair.
  8025 | D:10     | Found a staircase to the Orcish Mines.
  8143 | D:11     | Elyvilon protects you from harm!
  8225 | D:11     | Reached XP level 11. HP: 40/97 MP: 16/16
  8502 | D:11     | Noticed a green ugly thing
  8520 | D:11     | Killed a green ugly thing
  8520 | D:11     | Reached skill level 1 in Invocations
  8647 | D:11     | Reached ***** piety under Elyvilon
  9989 | D:12     | Noticed a two-headed ogre
 10004 | D:12     | HP: 4/97 [two-headed ogre/+0 giant club (20)]
 10004 | D:12     | Slain by a two-headed ogre

Skill      XL: |  1  2  3  4  5  6  7  8  9 10 11 |
---------------+----------------------------------+-----
Unarmed Combat | 1 2 3 4 6 7 9 10 11 | 11.9
Translocations | 1 2 3 |  3.2
Fighting       | 1 2 3 |  3.2
Spellcasting   | 3 4 |  4.5
Conjurations   | 1 2 3 |  3.8
Fire Magic     | 1 2 3 |  3.7
Armour         | 1 3 |  3.7
Evocations     | 1 2 |  2.0
Invocations    | 1 |  1.5
Throwing       | |  0.1
Dodging        | |  1.5
Stealth        | |  1.0
Summonings     | |  0.6

Action                   |  1- 3 |  4- 6 |  7- 9 | 10-12 || total
-------------------------+-------+-------+-------+-------++-------
Melee: Unarmed           |    92 |   168 |   308 |   348 ||   916
       Punch             |     1 |     3 |     9 |    10 ||    23
Throw: Large rock        |       |       |     9 |     3 ||    12
 Cast: Conjure Flame     |       |       |       |     3 ||     3
Evoke: Wand              |       |       |     1 |       ||     1
  Use: Scroll            |       |       |       |     1 ||     1
 Stab: Sleeping          |     1 |     2 |     3 |       ||     6
  Eat: Chunk             |    10 |    18 |    37 |    32 ||    97
       Ration            |       |       |       |     1 ||     1
Armor: Robe              |    49 |    70 |    50 |       ||   169
       Troll leather arm |       |       |     1 |    82 ||    83
Dodge: Dodged            |    47 |    76 |   172 |   210 ||   505
